 Dungeon Crawl Stone Soup version 0.22-a0-553-g9358b0b (webtiles) character file.

206662 iamserjio the Brawler (level 17, -3/200 HPs)
             Began as a White Draconian Skald on June 25, 2018.
             Was a High Priest of Cheibriados.
             Slain by an azure jelly (7 damage)
             ... on level 2 of the Pits of Slime.
             The game lasted 02:49:33 (13238 turns).

iamserjio the Brawler (White Draconian Skald)      Turns: 13238, Time: 02:49:35

Health: -3/200     AC:  9    Str: 31 (33) XL:     17   Next: 58%
Magic:  31/31      EV: 16    Int: 30      God:    Cheibriados [*****.]
Gold:   1762       SH:  0    Dex: 23 (24) Spells: 14/36 levels left

rFire    . . .     SeeInvis .     - Unarmed
rCold    + . .     Gourm    .   (shield currently unavailable)
rNeg     . . .     Faith    .   (armour unavailable)
rPois    +         Spirit   .   (helmet currently unavailable)
rElec    +         Reflect  .   (cloak currently unavailable)
rCorr    .         Harm     .   (gloves currently unavailable)
MR       .....                  (boots currently unavailable)
Stlth    +++.......             l - amulet of the acrobat
HPRegen  0.43/turn              z - ring of protection from cold
MPRegen  0.22/turn              s - ring "Usikeenn" {rElec MR- Str+5 Slay+5 Stlth+}

@: hydra-form, vulnerable, very slow
A: very large, (breathe frost), unfitting armour, deterioration 2, dopey 1, no
potion heal 1, AC +9
}: 2/15 runes: decaying, gossamer
a: End Transformation, Bend Time, Temporal Distortion, Slouch, Step From Time,
Renounce Religion


You were on level 2 of the Pits of Slime.
You worshipped Cheibriados.
Cheibriados was extremely pleased with you.
You were very hungry.
You were a seven-headed hydra.
You visited 6 branches of the dungeon, and saw 30 of its levels.
You visited the Abyss 1 time.
You also visited: Labyrinth, Ossuary and Ice Cave.

You collected 2351 gold pieces.
You spent 589 gold pieces at shops.

Inventory:

Hand Weapons
 p - the +10 short sword "Memaulev" {distort, Str+2}
   (You found it on level 3 of the Spider Nest)

   It warps and distorts space around it.
   Unwielding it can cause banishment or high damage.
   It affects your strength (+2).
 D - a +0 blowgun
 M - the +5 quarterstaff of Prudence (melded) {freeze, +Blink Int+2}
   (You took it off a spriggan rider on level 1 of the Swamp)

   It has been specially enchanted to freeze those struck by it, causing extra
   injury to most foes and up to half again as much damage against particularly
   susceptible opponents.
   It can also slow down cold-blooded creatures.
   It affects your intelligence (+2).
   It lets you blink.
Missiles
 C - 12 curare-tipped needles {!f}
 P - 21 javelins (quivered)
Armour
 a - a +0 buckler
 i - a +0 pair of boots (melded)
 k - a +1 cloak of magic resistance (melded)
 n - a +1 pair of gloves
 Q - a cursed +0 shield
 R - a +1 hat of magic resistance (melded)
 T - a +2 pair of gloves of archery
Jewellery
 g - a +3 ring of protection
 j - an uncursed ring of resist corrosion
 l - an amulet of the acrobat (around neck)
 s - the ring "Usikeenn" (right foreclaw) {rElec MR- Str+5 Slay+5 Stlth+}
   (You found it on level 3 of the Abyss)

   [ring of strength]

   It affects your strength (+5).
   It affects your accuracy and damage with ranged weapons and melee attacks
   (+5).
   It insulates you from electricity.
   It affects your resistance to hostile enchantments.
   It makes you more stealthy.
 y - an uncursed ring of protection from fire
 z - a ring of protection from cold (left foreclaw)
 B - an uncursed ring of wizardry
 F - a +2 ring of protection
 G - the ring "Orynu" {rN+ Int+3 Dex+4 Stlth+}
   (You found it on level 7 of the Dungeon)

   [ring of stealth]

   It affects your intelligence (+3).
   It affects your dexterity (+4).
   It protects you from negative energy.
   It makes you more stealthy.
 I - an uncursed ring of positive energy {unknown}
 O - an uncursed ring of protection from fire
Wands
 c - a wand of enslavement (10)
 x - a wand of paralysis (15)
 H - a wand of flame (16)
 N - a wand of polymorph (7)
Scrolls
 d - 5 scrolls of teleportation
 f - 2 scrolls of vulnerability
 r - 2 scrolls of immolation
 t - 5 scrolls of amnesia
 u - 4 scrolls of enchant weapon
 A - 2 scrolls of fog
 L - 9 scrolls of remove curse {@r2}
 V - 2 scrolls of magic mapping
Potions
 h - 2 potions of magic
 m - 4 potions of cancellation
 o - 4 potions of brilliance
 q - 2 potions of flight
 v - a potion of berserk rage
 E - a potion of might
 K - 4 potions of ambrosia
 U - 3 potions of mutation
Miscellaneous
 w - a box of beasts
 J - a phial of floods (inert)
Comestibles
 b - 43 rations


   Skills:
 * Level 14.4 Fighting
 - Level 11.0 Dodging
 - Level 2.0 Stealth
 - Level 4.4 Shields
 * Level 18.3 Unarmed Combat
 + Level 10.3 Spellcasting
 - Level 4.0 Charms
 - Level 4.0 Necromancy
 - Level 1.0 Translocations
 - Level 11.0 Transmutations
 - Level 11.0 Invocations


You had 14 spell levels left.
You knew the following spells:

 Your Spells              Type           Power        Failure   Level  Hunger
a - Infusion              Chrm           ####         1%          1    None
b - Song of Slaying       Chrm           #####...     1%          2    None
c - Shroud of Golubria    Chrm/Tloc      ####......   1%          2    None
d - Regeneration          Chrm/Necr      #####.....   1%          3    None
e - Hydra Form            Tmut           ######....   5%          6    #####..
f - Animate Dead          Necr           N/A          6%          4    None
g - Animate Skeleton      Necr           N/A          1%          1    None
h - Inner Flame           Hex/Fire       ###.....     11%         3    None

Your spell library contained the following spells:

 Spells                   Type           Power        Failure   Level  Hunger
 Fireball                 Conj/Fire      ###.......   67%         5    ###....
 Conjure Flame            Conj/Fire      ###.....     11%         3    None
 Bolt of Fire             Conj/Fire      ###.......   99%         6    #####..
 Bolt of Magma            Conj/Fire/Erth ###.......   67%         5    ###....
 Confuse                  Hex            ###.....     11%         3    None
 Throw Flame              Conj/Fire      ###...       5%          2    None
 Ring of Flames           Chrm/Fire      ####......   100%        7    ######.
 Venom Bolt               Conj/Pois      ###.......   67%         5    ###....
 Pain                     Necr           ####         1%          1    None
 Vampiric Draining        Necr           #####.....   1%          3    None
 Sticky Flame             Conj/Fire      ###.....     34%         4    None
 Tukima's Dance           Hex            ###.....     11%         3    None
 Corpse Rot               Necr           N/A          1%          2    None
 Iron Shot                Conj/Erth      ###.......   99%         6    #####..
 Stone Arrow              Conj/Erth      ###...       11%         3    None
 Flame Tongue             Conj/Fire      ###..        3%          1    None
 Ignite Poison            Fire/Tmut/Pois #####...     2%          3    None
 Ensorcelled Hibernation  Hex/Ice        ###...       5%          2    None
 Corona                   Hex            ###....      3%          1    None
 Orb of Destruction       Conj           ###.......   100%        7    ######.
 Leda's Liquefaction      Hex/Erth       ###.......   34%         4    None
 Summon Hydra             Summ           ###.......   100%        7    ######.
 Iskenderun's Battlesphe  Conj/Chrm      ####....     38%         5    ###....
 Dazzling Spray           Conj/Hex       ###...       11%         3    None
 Spectral Weapon          Hex/Chrm       ####....     4%          3    None
 Summon Forest            Summ/Tloc      ###.......   58%         5    ###....
 Spellforged Servitor     Conj/Summ      ###.......   100%        7    ######.
 Ignition                 Fire           ###.......   100%        8    #######


Dungeon Overview and Level Annotations

Branches:
Dungeon (12/15)            Temple (1/1) D:7            Lair (6/6) D:9
  Swamp (4/4) Lair:3       Spider (4/4) Lair:4        Slime (3/5) Lair:5
    Orc (0/2) D:11

Altars:
Ashenzari
Cheibriados
Dithmenos
Gozag
Kikubaaqudgha
Makhleb
Nemelex Xobeh
Okawaru
Qazlal
Sif Muna
Trog
Vehumet
Wu Jian
Xom
Zin
Jiyva

Shops:
D:5 =%   D:7 ?   D:10 [   D:12 *?*[


Innate Abilities, Weirdness & Mutations

((You can breathe waves of freezing cold.))
((You can buffet flying creatures when you breathe cold.))
((Your icy white scales are hard. (AC +9)))
You cannot fit into any form of body armour.
((Your flesh is cold resistant. (rC+)))
((You are cold-blooded and may be slowed by cold attacks.))
Your body often deteriorates upon taking damage.
You are dopey. (Int -2)
Potions are less effective at restoring your health.


Message History

Your soldier ant dies!
Your soldier ant's corpse disappears in a puff of smoke!
Your soldier ant misses the azure jelly.
Your soldier ant stings the azure jelly.
Evoke which item? (* to show all) (? for menu, Esc to quit)
Aiming: Paralyse
Press: ? - help, Shift-Dir - straight line, f - azure jelly
Aim: an azure jelly (lightly wounded, chance to defeat MR: 6%)
Okay, then.
As you read the scroll of vulnerability, it crumbles to dust.
Magic quickly surges around you. The azure jelly hits you.
* * * LOW HITPOINT WARNING * * *
The azure jelly freezes you! You resist.
* * * LOW HITPOINT WARNING * * *
The azure jelly hits you.
* * * LOW HITPOINT WARNING * * *
The azure jelly freezes you! You resist.
* * * LOW HITPOINT WARNING * * *
The azure jelly barely misses you. The azure jelly hits you!
You die...

.....## ##.....
#.....####
#......#.##
#.........##
##.........#
##.......##
#..>...####
##..D....#.##
#..aJ.......#
##...#...#.##
###.#....##
##.......##...
##.............
#..........#..#
##.............
#..<.......##.#


You could see an azure jelly and a friendly soldier ant.

Vanquished Creatures
  A tentacled monstrosity (Swamp:4)
  An acid blob (Slime:1)
  A lich (Abyss:3)
  Gastronok (Lair:3)
  2 thorn hunters (Swamp:4)
  Kirke (Spider:4)
  2 azure jellies
  Donald (Swamp:1)
  5 ghost moths
  7 emperor scorpions (Spider:4)
  2 entropy weavers
  Azrael (D:12)
  A minotaur (Lab)
  A death ooze (Slime:2)
  3 rakshasas (Abyss:3)
  15 hydras
  A great orb of eyes (Slime:1)
  2 ice dragons (IceCv)
  3 two-headed ogres
  16 alligators
  A catoblepas (Lair:6)
  2 death yaks (Lair:6)
  A sixfirhy (Abyss:3)
  A spatial maelstrom (Abyss:3)
  4 shambling mangroves
  A spriggan druid (Swamp:3)
  3 unseen horrors
  13 swamp dragons
  2 glowing orange brains (Abyss:3)
  2 lindwurms (Lair:6)
  25 wolf spiders
  8 orb spiders
  3 ugly things
  2 shining eyes (Slime:1)
  4 manticores
  A worldbinder (Abyss:3)
  A salamander (shapeshifter) (Spider:4)
  13 elephants
  4 large abominations (Abyss:3)
  A guardian serpent (Abyss:3)
  A moth of wrath (Spider:3)
  4 black mambas
  2 ice statues (IceCv)
  3 torpor snails
  3 smoke demons (Abyss:3)
  11 spiny frogs
  2 rime drakes (IceCv)
  8 demonic crawlers
  5 komodo dragons
  An ancient zyme (Abyss:3)
  A freezing wraith (Abyss:3)
  A minotaur skeleton (Lab)
  A troll (D:9)
  15 hornets
  11 tyrant leeches
  28 jumping spiders
  14 slime creatures
  A polar bear (Lair:3)
  9 hippogriffs
  4 blink frogs
  6 dream sheep (Lair:6)
  7 bog bodies
  An ettin zombie (Abyss:3)
  2 raiju (Abyss:3)
  3 small abominations (Abyss:3)
  A shadow (Swamp:3)
  Sigmund (D:3)
  31 tarantellas
  12 spriggans
  A ynoxinul (Abyss:3)
  2 wyverns
  63 redbacks
  Eustachio (D:5)
  2 vampires
  A wraith (Abyss:3)
  22 yaks
  Menkaure (D:5)
  A chaos spawn (Abyss:3)
  5 hungry ghosts
  3 basilisks (Lair:5)
  A neqoxec (Abyss:3)
  20 vampire mosquitoes
  2 acid dragons (D:11)
  16 swamp worms
  4 insubstantial wisps
  6 hell hounds (D:12)
  6 water moccasins
  4 porcupines
  A hornet zombie (D:8)
  13 swamp drakes
  19 ice beasts
  3 sky beasts
  2 phantoms
  3 orc warriors
  2 black bears
  3 eyes of draining
  4 ogres
  A necrophage (D:11)
  17 wolves
  11 crocodiles
  2 big kobolds
  8 bullfrogs
  4 water moccasin zombies
  5 scorpions
  12 killer bees
  A spriggan skeleton (Lab)
  6 howler monkeys
  4 lava snakes (Lab)
  8 crimson imps
  2 quasits
  3 bullfrog zombies
  5 hounds
  2 orc priests
  A bullfrog skeleton (D:10)
  3 gnoll shamans
  6 orc wizards
  2 jellies
  2 centaur skeletons (Lab)
  Jessica (D:3)
  Natasha (twice) (D:3)
  5 iguanas
  7 worker ants
  2 big kobold zombies (Ossuary)
  An ogre skeleton (Lab)
  A hound skeleton (D:11)
  2 mummies (Ossuary)
  18 gnolls
  A worker ant zombie (D:5)
  13 adders
  An ooze (D:6)
  5 adder zombies (Ossuary)
  2 worms
  4 dart slugs
  4 leopard geckos
  21 orcs
  A ball python (D:1)
  14 giant cockroaches
  4 gnoll zombies (Ossuary)
  3 goblins
  5 hobgoblins
  5 jackals
  14 kobolds
  4 quokkas
  7 bats
  6 frilled lizards
  4 hobgoblin zombies (Ossuary)
  4 kobold zombies (Ossuary)
  A leopard gecko skeleton (D:4)
  5 orc zombies (Ossuary)
  15 rats
  2 plants (Swamp:3)
848 creatures vanquished.

Vanquished Creatures (collateral kills)
  Nikola (Swamp:4)
  Arachne (Spider:4)
  A ghost crab (Swamp:4)
  2 alligators (Swamp:4)
  2 hydras (Swamp:4)
  4 death yaks (Lair:6)
  2 swamp dragons (Swamp:4)
  9 orb spiders
  A spiny frog (Swamp:1)
  6 jumping spiders
  A hornet (Swamp:3)
  A slime creature (Swamp:2)
  3 dream sheep (Lair:6)
  8 redbacks
  2 tarantellas
  2 spriggans
  A basilisk (Lair:5)
  A yak (Lair:5)
  A water moccasin (Lair:6)
  A swamp drake (Swamp:4)
  A crocodile (Lair:6)
  A giant cockroach (Spider:3)
  A briar patch (Swamp:3)
53 creatures vanquished.

Vanquished Creatures (others)
  A ghost moth (Spider:4)
  A centaur warrior (D:10)
  A swamp dragon (Swamp:4)
  An orb spider (Spider:4)
  A raiju (Abyss:3)
  4 humans (Spider:4)
  A black bear (D:10)
  2 orc warriors (D:10)
  A leopard gecko (D:10)
  A kobold zombie (Ossuary)
  An orc zombie (Ossuary)
  3 briar patches (Swamp:3)
  A fungus (Lair:5)
  A lurking horror (Abyss:3)
  8 plants
28 creatures vanquished.

Grand Total: 929 creatures vanquished

Notes
Turn   | Place    | Note
-------+----------+-------------------------------------------
     0 | D:1      | iamserjio the Draconian Skald began the quest for the Orb.
     0 | D:1      | Reached XP level 1. HP: 17/17 MP: 3/3
    43 | D:1      | Reached XP level 2. HP: 8/24 MP: 3/5
   146 | D:1      | Learned a level 2 spell: Song of Slaying
   149 | D:1      | Learned a level 2 spell: Shroud of Golubria
   203 | D:2      | Found a bloodstained altar of Trog.
   203 | D:2      | Found an ornate altar of the Wu Jian Council.
   336 | D:1      | Reached skill level 3 in Unarmed Combat
   430 | D:2      | Reached XP level 3. HP: 24/29 MP: 1/6
   574 | D:2      | Reached XP level 4. HP: 34/36 MP: 7/7
   673 | D:4      | Reached skill level 4 in Unarmed Combat
   718 | D:4      | Found a sand-covered staircase.
   721 | Ossuary  | Entered an ossuary
   774 | Ossuary  | Reached XP level 5. HP: 24/41 MP: 8/8
   856 | Ossuary  | Reached skill level 5 in Unarmed Combat
   880 | Ossuary  | Reached XP level 6. HP: 7/48 MP: 9/9
   886 | Ossuary  | Learned a level 3 spell: Regeneration
  1114 | D:4      | Found a radiant altar of Vehumet.
  1156 | D:5      | Entered Level 5 of the Dungeon
  1164 | D:5      | Reached skill level 6 in Unarmed Combat
  1164 | D:5      | Reached skill level 1 in Necromancy
  1292 | D:4      | Got a warped whip
  1387 | D:4      | Your scales start taking on an icy white colour.
  1387 | D:4      | Reached XP level 7. HP: 48/56 MP: 10/10
  1387 | D:4      | Gained mutation: Your flesh is cold resistant. (rC+) [White Draconian growth]
  1400 | D:3      | Noticed Sigmund
  1409 | D:3      | Killed Sigmund
  1418 | D:3      | Noticed Jessica
  1428 | D:3      | Killed Jessica
  1580 | D:3      | Noticed Natasha
  1593 | D:3      | Killed Natasha
  1608 | D:3      | Noticed Natasha
  1629 | D:3      | Killed Natasha
  1670 | D:3      | Found a sparkling altar of Nemelex Xobeh.
  1908 | D:5      | Reached skill level 7 in Unarmed Combat
  1984 | D:5      | Reached XP level 8. HP: 55/66 MP: 9/13
  2034 | D:5      | Found Vogaheess's Jewellery Boutique.
  2071 | D:5      | Found Ganon's Food Shop.
  2110 | D:5      | Noticed Eustachio
  2123 | D:5      | Killed Eustachio
  2281 | D:5      | Reached skill level 8 in Unarmed Combat
  2314 | D:5      | Reached skill level 5 in Fighting
  2341 | D:5      | Noticed Menkaure
  2349 | D:5      | Killed Menkaure
  2518 | D:6      | Reached skill level 9 in Unarmed Combat
  2547 | D:7      | Found Wutros's Magic Scroll Shoppe.
  2554 | D:7      | Reached XP level 9. HP: 74/75 MP: 10/15
  2627 | D:7      | Bought a scroll of magic mapping for 42 gold pieces
  2627 | D:7      | Bought a scroll of magic mapping for 42 gold pieces
  2656 | D:7      | Found a staircase to the Ecumenical Temple.
  2665 | Temple   | Entered the Ecumenical Temple
  2676 | Temple   | Became a worshipper of Cheibriados the Contemplative
  2760 | D:7      | Got a glittering wooden ring
  2929 | D:6      | Reached skill level 10 in Unarmed Combat
  2948 | D:7      | Bought a scroll of blinking for 90 gold pieces
  2948 | D:7      | Bought a scroll of remove curse for 36 gold pieces
  2948 | D:7      | Bought a scroll of identify for 24 gold pieces
  2951 | D:7      | Identified the ring "Orynu" {rN+ Int+3 Dex+4 Stlth+} (You found it on level 7 of the Dungeon)
  3065 | D:8      | Noticed a two-headed ogre
  3075 | D:8      | Killed a two-headed ogre
  3116 | D:8      | Reached * piety under Cheibriados
  3116 | D:8      | Reached skill level 11 in Unarmed Combat
  3189 | D:6      | Reached skill level 1 in Invocations
  3215 | D:7      | Reached skill level 1 in Shields
  3215 | D:7      | Reached XP level 10. HP: 74/88 MP: 13/16
  3273 | D:8      | Noticed a two-headed ogre
  3297 | D:8      | Killed a two-headed ogre
  3300 | D:8      | Found a shattered altar of Ashenzari.
  3405 | D:8      | Reached ** piety under Cheibriados
  3496 | D:9      | Noticed a white ugly thing
  3575 | D:10     | Entered Level 10 of the Dungeon
  3834 | D:10     | Killed a centaur warrior
  3844 | D:10     | Found Riqofuuj's Antique Armour Boutique.
  3906 | D:11     | HP: 3/89 [something (9)]
  3984 | D:10     | Reached skill level 12 in Unarmed Combat
  4074 | D:9      | Reached *** piety under Cheibriados
  4240 | D:9      | Killed a white ugly thing
  4240 | D:9      | Reached XP level 11. HP: 48/95 MP: 17/17
  4390 | D:10     | Found a shimmering altar of Xom.
  4518 | D:11     | Killed an unseen horror
  4593 | D:11     | Killed an unseen horror
  4593 | D:11     | Reached skill level 5 in Invocations
  4596 | D:11     | Noticed a cyan ugly thing
  4607 | D:11     | Killed a cyan ugly thing
  4607 | D:11     | Reached **** piety under Cheibriados
  4655 | D:11     | HP: 1/97 [acid dragon (8)]
  4683 | D:11     | Found a staircase to the Orcish Mines.
  4767 | D:11     | Reached skill level 13 in Unarmed Combat
  4787 | D:12     | Found Ciwo's General Store.
  4810 | D:12     | Noticed Azrael
  4857 | D:12     | Killed Azrael
  4899 | D:12     | Noticed a two-headed ogre
  4913 | D:12     | Killed a two-headed ogre
  4913 | D:12     | Reached skill level 10 in Fighting
  4934 | D:12     | Bought a potion of cancellation for 144 gold pieces
  4934 | D:12     | Bought a potion of lignification for 54 gold pieces
  4967 | D:12     | Reached ***** piety under Cheibriados
  4989 | D:12     | Found Sent's Magic Scroll Emporium.
  4999 | D:12     | Bought a scroll of noise for 15 gold pieces
  4999 | D:12     | Bought a scroll of fog for 30 gold pieces
  5048 | D:12     | Found a labyrinth entrance.
  5050 | D:12     | Found Umiedgh's Armour Emporium.
  5051 | D:12     | Found Faces's General Store.
  5057 | Lab      | Entered a labyrinth
  5245 | Lab      | Found an exit through the horrors of the Abyss.
  5295 | Lab      | Killed an unseen horror
  5295 | Lab      | Reached XP level 12. HP: 41/107 MP: 12/18
  5486 | Lab      | Reached skill level 14 in Unarmed Combat
  5530 | Lab      | Noticed a minotaur
  5542 | Lab      | Killed a minotaur
  5655 | D:12     | Learned a level 6 spell: Hydra Form
  5679 | D:12     | Bought a scroll of enchant armour for 112 gold pieces
  5757 | D:11     | Reached skill level 1 in Translocations
  5757 | D:11     | Reached skill level 1 in Transmutations
  6099 | D:9      | Found a staircase to the Lair.
  6130 | Lair:1   | Entered Level 1 of the Lair of Beasts
  6142 | Lair:1   | Noticed an eight-headed hydra
  6155 | Lair:1   | Killed an eight-headed hydra
  6187 | Lair:2   | Found a frozen archway.
  6193 | IceCv    | Entered an ice cave
  6348 | IceCv    | Noticed an ice dragon
  6353 | IceCv    | Noticed an ice dragon
  6359 | IceCv    | Killed an ice dragon
  6368 | IceCv    | Killed an ice dragon
  6707 | Lair:3   | Noticed an eight-headed hydra
  6716 | Lair:3   | Killed an eight-headed hydra
  6770 | Lair:3   | Noticed an eight-headed hydra
  6779 | Lair:3   | Killed an eight-headed hydra
  6822 | Lair:3   | Found a staircase to the Swamp.
  6954 | Lair:3   | Reached skill level 5 in Spellcasting
  6955 | Lair:3   | Noticed Gastronok
  6963 | Lair:3   | Killed Gastronok
  6963 | Lair:3   | Reached skill level 5 in Dodging
  6963 | Lair:3   | Reached XP level 13. HP: 90/116 MP: 18/20
  6983 | Lair:4   | Reached skill level 5 in Transmutations
  7001 | Lair:4   | Learned a level 4 spell: Animate Dead
  7033 | Lair:5   | Learned a level 1 spell: Animate Skeleton
  7107 | Lair:4   | Reached ****** piety under Cheibriados
  7152 | Lair:5   | Found a viscous altar of Jiyva.
  7153 | Lair:5   | Found a staircase to the Slime Pits.
  7474 | Lair:6   | Entered Level 6 of the Lair of Beasts
  7709 | Lair:6   | Found a glowing silver altar of Zin.
  7904 | Lair:6   | Reached skill level 15 in Unarmed Combat
  7996 | Lair:6   | Reached XP level 14. HP: 88/124 MP: 5/23
  8303 | Lair:4   | Found a hole to the Spider Nest.
  8419 | Swamp:1  | Entered Level 1 of the Swamp
  8588 | Swamp:2  | You fall through a shaft!
  8659 | Swamp:2  | Reached skill level 10 in Transmutations
  9055 | Swamp:4  | Entered Level 4 of the Swamp
  9250 | Swamp:3  | Noticed a thorn hunter
  9312 | Swamp:4  | Noticed a tentacled monstrosity
  9318 | Swamp:4  | Killed a tentacled monstrosity
  9370 | Swamp:4  | Reached XP level 15. HP: 87/132 MP: 0/25
  9575 | Swamp:4  | Reached skill level 16 in Unarmed Combat
  9583 | Swamp:4  | Noticed Nikola
  9604 | Swamp:4  | Killed Nikola
  9657 | Swamp:4  | Noticed a thorn hunter
  9667 | Swamp:4  | Killed a thorn hunter
  9823 | Swamp:4  | Noticed a thorn hunter
  9832 | Swamp:4  | Killed a thorn hunter
  9869 | Swamp:4  | Got a decaying rune of Zot
 10189 | Swamp:1  | Got a shimmering quarterstaff {freeze}
 10217 | Swamp:1  | Noticed Donald
 10228 | Swamp:1  | Killed Donald
 10376 | Spider:1 | Entered Level 1 of the Spider Nest
 10543 | Spider:1 | Reached XP level 16. HP: 141/141 MP: 21/28
 10681 | Spider:2 | Reached skill level 10 in Invocations
 10799 | Spider:1 | Reached skill level 17 in Unarmed Combat
 10993 | Spider:2 | Learned a level 3 spell: Inner Flame
 11175 | Spider:4 | Entered Level 4 of the Spider Nest
 11175 | Spider:4 | Noticed Arachne
 11279 | Spider:4 | Reached skill level 10 in Dodging
 11282 | Spider:4 | Noticed Kirke
 11290 | Spider:4 | Killed Kirke
 11524 | Spider:3 | Got a dazzling short sword
 11525 | Spider:3 | Identified the +10 short sword "Memaulev" {distort, Str+2} (You found it on level 3 of the Spider Nest)
 11793 | Spider:4 | Killed Arachne
 11907 | Spider:4 | Reached XP level 17. HP: 151/151 MP: 10/30
 12056 | Spider:4 | Reached skill level 18 in Unarmed Combat
 12059 | Spider:4 | HP: 5/196 [emperor scorpion (12)]
 12064 | Spider:4 | HP: 6/196 [poisoned by an emperor scorpion]
 12113 | Spider:4 | Cast into level 3 of the Abyss (a distortion unwield)
 12222 | Abyss:3  | Gained mutation: Your body sometimes deteriorates upon taking damage. [a neqoxec]
 12330 | Abyss:3  | Noticed a lich
 12344 | Abyss:3  | Killed a lich
 12346 | Abyss:3  | Reached skill level 10 in Spellcasting
 12501 | Abyss:3  | Got a twitching granite ring
 12554 | Abyss:3  | Reached skill level 1 in Stealth
 12566 | Spider:4 | Escaped the Abyss
 12640 | Spider:4 | Got a gossamer rune of Zot
 12820 | Lair:4   | Identified the +5 quarterstaff of Prudence {freeze, +Blink Int+2} (You took it off a spriggan rider on level 1 of the Swamp)
 13002 | Slime:1  | Entered Level 1 of the Pits of Slime
 13005 | Slime:1  | Identified the ring "Usikeenn" {rElec MR- Str+5 Slay+5 Stlth+} (You found it on level 3 of the Abyss)
 13044 | Slime:1  | Gained mutation: Potions are less effective at restoring your health. [a shining eye]
 13045 | Slime:1  | Gained mutation: You are dopey. (Int -2) [a shining eye]
 13080 | Slime:1  | Gained mutation: Your body often deteriorates upon taking damage. [a shining eye]
 13096 | Slime:1  | Noticed an acid blob
 13104 | Slime:1  | Killed an acid blob
 13127 | Slime:1  | Found a viscous altar of Jiyva.
 13159 | Slime:3  | Noticed an acid blob
 13205 | Slime:3  | HP: 10/200 [slime creature (13)]
 13213 | Slime:2  | HP: 3/200 [acid (14)]
 13227 | Slime:2  | HP: 9/200 [azure jelly (3)]
 13238 | Slime:2  | HP: 4/200 [azure jelly (15)]
 13238 | Slime:2  | Slain by an azure jelly

Vault maps used:
D:1:      erik_arrival_orb_chamber, serial_bayou_ford_a
D:2:      gammafunk_temple_overflow_pools, kennysheep_generic_room_11,
          uniq_terence
D:3:      nemelex_xobeh_ov_fountains_minmay, uniq_ijyb, uniq_sigmund,
          uniq_natasha, uniq_jessica
D:4:      lemuel_round_altar, chequers_ossuary_entry_cave
D:5:      first_ration, serial_shops, shop_fountains, st_stairs_6,
          hangedman_decor_lopped, kennysheep_windowed_goal, uniq_menkaure,
          uniq_eustachio
D:6:      good_gods_temple_1, old_standard_altar, serial_shops, shop
D:7:      nicolae_ru_path_of_blood, minmay_temple_entry_statues_fountains,
          serial_shops, shop, the_bakery, serial_park_tiny_1
D:8:      lemuel_ice_spiral_2, ashenzari_altar_1, marbit_many_paths
D:9:      minmay_bloctagon_deflated, kennysheep_mini_moat, lair_entry_dummy,
          minmay_misc_feat_columns
D:10:     serial_shops, nicolae_shop_statue_plus, nrook_pool_corridor,
          xom_confusion_cloud
D:11:     orc_0_dummy, serial_bayou_pond_a
D:12:     minmay_wizard_corner, serial_shops, shop, shop,
          nicolae_shop_waterfront, shop, lab_entry_generic, nooodl_orcs_dogs,
          uniq_azrael, uniq_erolcha
Temple:   eino_temple_lava
Lair:2:   portal_ice_cave_entry_pillars_1, infiniplex_staircase_pool
Lair:3:   swamp_mist_pool, ebering_ghost_xom, grunt_megastairs_5, uniq_gastronok
Lair:4:   dummy_spider_entry, lemuel_fruit_tree, grunt_megastairs_2
Lair:5:   dpeg_slime_entry_enclosed_altar, kennysheep_basilisk_garden
Lair:6:   hangedman_lair_in_review, basic_altar
Swamp:1:  serial_swamp_ruin, evilmike_swamp_ruin_house_6,
          hangedman_swamp_ruin_wall, swamp_pool2, cheibrodos_swamp_pet_leeches,
          uniq_donald
Swamp:2:  evilmike_swamp_ruin_rubble_2
Swamp:3:  hangedman_swamp_pad, swamp_pool2, nicolae_swamp_spriggan_camp
Swamp:4:  swamp_basic_johnstein, uniq_nikola
Spider:1: hangedman_spider_tarantella_strand
Spider:4: grunt_spider_rune_circles, uniq_arachne, uniq_kirke
Slime:1:  basic_altar, cheibrodos_slime_lost_civilization_5
Lab:      nicolae_lab_dead_adventurers, nicolae_lab_grate,
          nicolae_lab_flowing_pool, nicolae_lab_t_cross, nicolae_lab_quarters,
          nicolae_lab_grate_2, nicolae_lab_diamond, nicolae_lab_stuck,
          nicolae_lab_garden, labyrinth_lava_lair
Ossuary:  ossuary_tomb_2
IceCv:    ice_cave_small_dragons

Skill      XL: |  1  2  3  4  5  6  7  8  9 10 11 12 13 14 15 16 17 |
---------------+----------------------------------------------------+-----
Charms         | 3 4 |  4.0
Unarmed Combat | 3 4 5 6 7 9 11 12 13 14 15 16 17 18 | 18.3
Necromancy     | 1 2 3 4 |  4.0
Fighting       | 4 5 7 8 10 11 12 13 14 | 14.4
Spellcasting   | 3 4 5 6 7 8 9 10 | 10.3
Invocations    | 1 4 7 8 9 11 | 11.0
Shields        | 1 4 |  4.4
Translocations | 1 |  1.0
Transmutations | 4 9 11 | 11.0
Dodging        | 5 7 8 9 10 11 | 11.0
Stealth        | 2 |  2.0

Action                   |  1- 3 |  4- 6 |  7- 9 | 10-12 | 13-15 | 16-18 || total
-------------------------+-------+-------+-------+-------+-------+-------++-------
Melee: Unarmed           |   125 |   240 |   406 |   709 |   759 |   375 ||  2614
       Tailslap          |     9 |    25 |    38 |   176 |   131 |    19 ||   398
       Punch             |     1 |     5 |    10 |     3 |       |       ||    19
       Short sword       |       |       |       |       |       |    21 ||    21
       Quarterstaff      |       |       |       |       |       |     2 ||     2
 Fire: Blowgun           |       |       |       |     2 |       |       ||     2
Throw: Javelin           |       |       |       |       |     1 |     1 ||     2
 Cast: Infusion          |     1 |     2 |       |       |       |       ||     3
       Song of Slaying   |     1 |     4 |     6 |    30 |    14 |       ||    55
       Regeneration      |       |     2 |     9 |    68 |    76 |    89 ||   244
       Shroud of Golubri |       |     1 |     1 |    28 |     6 |     3 ||    39
       Animate Skeleton  |       |       |       |       |    47 |       ||    47
       Animate Dead      |       |       |       |       |     7 |    10 ||    17
       Hydra Form        |       |       |       |       |    40 |    32 ||    72
Invok: Bend Time         |       |       |       |     3 |       |       ||     3
       Slouch            |       |       |       |     1 |     3 |     9 ||    13
       Temporal Distorti |       |       |       |       |     4 |     6 ||    10
 Abil: Breathe Frost     |       |       |     8 |    17 |     3 |     3 ||    31
Evoke: Wand              |       |     2 |     7 |    12 |    17 |    24 ||    62
       Phial of floods   |       |       |       |     1 |     2 |     2 ||     5
       Sack of spiders   |       |       |       |       |       |     3 ||     3
       Box of beasts     |       |       |       |       |       |     1 ||     1
  Use: Scroll            |       |     7 |     6 |    12 |    11 |    11 ||    47
       Potion            |       |       |       |    17 |     6 |    13 ||    36
 Stab: Paralysed         |       |     2 |    20 |     4 |       |       ||    26
       Sleeping          |       |       |     2 |     3 |     2 |     1 ||     8
       Invisible         |       |       |       |     4 |       |       ||     4
       Distracted        |       |       |       |       |     7 |     6 ||    13
  Eat: Ration            |       |     1 |       |     3 |       |       ||     4
       Chunk             |       |       |    10 |    12 |     4 |       ||    26
Armor: Skin              |    35 |    71 |   142 |   292 |   210 |   228 ||   978
Dodge: Dodged            |    68 |   111 |   217 |   371 |   625 |   516 ||  1908
Block: Buckler           |       |       |       |   155 |   123 |    40 ||   318

Table legend:
 A = Spawn XP
 B = Non-spawn XP
 C = Spawn XP percentage of total XP
 D = Spawn monster count
 E = Non-spawn monster count
 F = Spawn count percentage of total count
 G = Total turns spent on level
                    A         B        C        D         E        F      G
               +---------+---------+-------+---------+---------+-------+---------
         Total |    5958 |  253197 |   2.3 |      14 |     881 |   1.6 | 13238
               +---------+---------+-------+---------+---------+-------+---------
           D:1 |       0 |      33 |   0.0 |       0 |      25 |   0.0 |   329
           D:2 |       0 |      74 |   0.0 |       0 |      20 |   0.0 |   338
           D:3 |       0 |     378 |   0.0 |       0 |      19 |   0.0 |   257
           D:4 |       0 |     202 |   0.0 |       0 |      14 |   0.0 |   575
           D:5 |       0 |    1342 |   0.0 |       0 |      26 |   0.0 |   667
           D:6 |       0 |    1048 |   0.0 |       0 |      20 |   0.0 |   268
           D:7 |       0 |     766 |   0.0 |       0 |      26 |   0.0 |   390
           D:8 |       0 |    2980 |   0.0 |       0 |      20 |   0.0 |   341
           D:9 |       0 |    2516 |   0.0 |       0 |      35 |   0.0 |   674
          D:10 |       0 |    1484 |   0.0 |       0 |      18 |   0.0 |   365
          D:11 |       0 |    6774 |   0.0 |       0 |      40 |   0.0 |   736
          D:12 |       0 |    4242 |   0.0 |       0 |      16 |   0.0 |   314
        Lair:1 |       0 |    1171 |   0.0 |       0 |       3 |   0.0 |    32
        Lair:2 |       0 |     255 |   0.0 |       0 |       1 |   0.0 |   121
        Lair:3 |       0 |    6468 |   0.0 |       0 |      17 |   0.0 |   380
        Lair:4 |       0 |    1686 |   0.0 |       0 |       8 |   0.0 |   381
        Lair:5 |       0 |    8482 |   0.0 |       0 |      29 |   0.0 |   543
        Lair:6 |       0 |   22232 |   0.0 |       0 |      67 |   0.0 |   695
       Swamp:1 |       0 |   16331 |   0.0 |       0 |      43 |   0.0 |   363
       Swamp:2 |       0 |    6668 |   0.0 |       0 |      18 |   0.0 |   306
       Swamp:3 |       0 |   14731 |   0.0 |       0 |      42 |   0.0 |   545
       Swamp:4 |       0 |   41004 |   0.0 |       0 |      70 |   0.0 |   695
      Spider:1 |       0 |   11822 |   0.0 |       0 |      38 |   0.0 |   408
      Spider:2 |       0 |   12142 |   0.0 |       0 |      40 |   0.0 |   320
      Spider:3 |       0 |   15873 |   0.0 |       0 |      41 |   0.0 |   679
      Spider:4 |       0 |   46085 |   0.0 |       0 |      96 |   0.0 |   578
       Slime:1 |       0 |    5754 |   0.0 |       0 |       8 |   0.0 |    98
       Slime:2 |       0 |    3281 |   0.0 |       0 |       3 |   0.0 |   101
       Abyss:3 |    5958 |    8368 |  41.6 |      14 |      17 |  45.2 |   453
           Lab |       0 |    3202 |   0.0 |       0 |      14 |   0.0 |   553
       Ossuary |       0 |     374 |   0.0 |       0 |      27 |   0.0 |   302
         IceCv |       0 |    5429 |   0.0 |       0 |      20 |   0.0 |   403
               +---------+---------+-------+---------+---------+-------+---------
